 Seeded DCSS version 0.30.1-11-g7821555f0a (webtiles) character file.

Game seed: 7349257698004992703 (custom seed)

10271 strifetoe the Nimble (level 10, -8/80 HPs)
             Began as a Djinni Fire Elementalist on Nov 10, 2023.
             Was an Elder of Ru.
             Mangled by an unseen horror simulacrum (30 damage)
             ... on level 10 of the Dungeon.
             The game lasted 00:33:06 (12565 turns).

strifetoe the Nimble (Djinni Fire Elementalist)    Turns: 12565, Time: 00:33:06

Health: -8/80      AC:  6    Str:  7    XL:     10   Next: 89%
Gold:   709        EV: 21    Int: 27    God:    Ru [****..] SH:  0 Dex: 14

rFire   + + .        a - +6 Majin-Bo {spellvamp, MP+6 Int+6}
rCold   x . .        (shield unavailable)
rNeg    . . .        K - +2 troll leather armour
rPois   ∞            (no helmet)
rElec   .            (no cloak)
rCorr   .            (no gloves)
SInv    .            (boots unavailable)
Will    +....        (no amulet)
Stlth   ++           (ring unavailable)
HPRegen 1.13/turn    u - +5 ring of evasion
MPRegen 0.00/turn

%: infuse magic (-9 HP)
@: flying
A: sickness immunity, fire resistance 2, cold vulnerability 1, missing a hand,
inexperienced 1, float, innate caster, HP casting, extra vitality 1
a: Renounce Religion, Draw Out Power, Power Leap


You were on level 10 of the Dungeon.
You worshipped Ru.
Ru was greatly pleased with you.
You visited 2 branches of the dungeon, and saw 13 of its levels.
You also visited: Sewer and Ossuary.

You collected 810 gold pieces.
You spent 101 gold pieces at shops.

Inventory:

Hand Weapons
 a - the +6 Majin-Bo (weapon) {spellvamp, MP+6 Int+6}
   (You found it on level 6 of the Dungeon)

   Int:       It affects your intelligence (+6).
   MP:        It affects your magic capacity (+6).
 b - the +8 demon blade "Leech" {evervamp, Harm Drain rN+}
   (You took it off an orc wizard on level 11 of the Dungeon)

   rN:        It protects you from negative energy.
   Drain:     It drains your maximum health when unequipped.
   Harm:      It increases damage dealt and taken.
 f - a +1 dagger of draining
Missiles
 n - a throwing net
Armour
 p - a +3 leather armour of fire resistance
 s - a +0 robe
 K - a +2 troll leather armour (worn)
Jewellery
 j - a ring of willpower
 u - a +5 ring of evasion (right hand)
 x - a +6 ring of intelligence
 A - a ring of ice
 L - an amulet of faith
Wands
 l - a wand of flame (3)
 m - a wand of paralysis (3)
 z - a wand of digging (5)
 M - a wand of iceblast (4)
Scrolls
 d - a scroll of teleportation
 g - a scroll of brand weapon
 q - 2 scrolls of torment
 r - 3 scrolls of immolation
 y - a scroll of summoning
 C - 2 scrolls of blinking
 F - 2 scrolls of identify
 G - 3 scrolls of fear
 H - 2 scrolls of fog
 N - a scroll of poison
Potions
 c - 2 potions of brilliance
 e - 3 potions of magic
 h - 2 potions of flight
 i - 3 potions of might
 k - 2 potions of haste
 o - 5 potions of curing
 t - 5 potions of invisibility
 v - 4 potions of resistance
 w - 3 potions of heal wounds
 B - 6 potions of mutation
 E - a potion of ambrosia
 I - 3 potions of berserk rage


   Skills:
 - Level 10.0 Fighting
 + Level 4.7 Armour
 - Level 10.4 Dodging
 - Level 2.0 Stealth
 + Level 8.6 Spellcasting


You knew the following spells:

 Your Spells              Type           Power      Damage    Failure   Level
a - Foxfire               Conj/Fire      100%       2x1d9     1%          1
b - Scorch                Fire           100%       2d9       1%          2
c - Volatile Blastmotes   Fire/Tloc      100%       2d18      1%          3
d - Inner Flame           Hex/Fire       55%        N/A       1%          3
e - Flame Wave            Conj/Fire      55%        2d13      1%          4
f - Freeze                Ice            100%       1d10      1%          1
g - Poisonous Vapours     Pois/Air       100%       N/A       1%          2
h - Tukima's Dance        Hex            55%        N/A       1%          3
i - Vampiric Draining     Necr           55%        2d9       1%          3
Your spell library was empty.

Dungeon Overview and Level Annotations

Branches:
Dungeon (12/15)            Temple (1/1) D:6            Lair (0/5) D:10
    Orc (0/2) D:9           Sewer (visited)         Ossuary (visited)

Altars:
Ashenzari
Cheibriados
Elyvilon
Fedhas
Gozag
Hepliaklqana
Makhleb
Nemelex Xobeh
Okawaru
Qazlal
Ru
Trog
Uskayaw
Wu Jian
Xom
Yredelemnul

Shops:
D:3 *   D:4 !**:   D:11 ?

Annotations:
D:11 exclusion: boulder beetle


Innate Abilities, Weirdness & Mutations

You are immune to sickness and miasma.
You are immune to poison.
Your flesh is very heat resistant. (rF++)
You are vulnerable to cold. (rC-)
You are missing a hand.
You are somewhat inexperienced. (-1 XL)
You float through the air rather than walking.
You learn spells naturally, not from books.
Your magical power is your life essence.
You have superior vitality. (+4 MHP)


Message History

You fly downwards.
Found a leather armour.
There is a stone staircase leading up here.
Unknown command.
Okay, then.
Adjust to which letter? (? for menu, Esc to quit)
b - the +8 demon blade "Leech" {evervamp, Harm Drain rN+}
H - a scroll of fog You drop a +1 morningstar of protection.
You see here a +0 leather armour.
H - 2 scrolls of fog (gained 1)
You now have 692 gold pieces (gained 13).
l - a wand of flame (3)
You now have 709 gold pieces (gained 17).
Found a chain mail.
Found a stone staircase leading down.
A green ugly thing comes into view.
Found a stone staircase leading down.
You see here a +0 leather armour.
There is a stone staircase leading up here.
You see here a +1 morningstar of protection.
You fly upwards.
Level annotation: exclusion: boulder beetle
There is a stone staircase leading down here.
There is a stone staircase leading up here.
You fly upwards.
The unseen horror simulacrum completely misses you.
The unseen horror simulacrum hits you but does no damage.
The unseen horror simulacrum hits you.
The unseen horror simulacrum freezes you!!
You feel a terrible chill!
The unseen horror simulacrum hits you but does no damage.
There is a stone staircase leading down here.
The unseen horror simulacrum hits you.
The unseen horror simulacrum freezes you!!
You feel a terrible chill! The unseen horror simulacrum hits you.
* * * LOW HITPOINT WARNING * * *
The unseen horror simulacrum freezes you!!
You feel a terrible chill!
You die...

# ############## #
#@Z........... #######
#.[........... ......#
#.)####.####.. ....†.#
#..#......
......##########..#..H....#
..###.........##..#..)$(..#
...##.........##..#..$)$..#
....#.........##..#..?$$..#
....####+####.##..#.......#


You could see a manticore and an unseen horror simulacrum.

Vanquished Creatures
  A boulder beetle (D:11)
  A tengu warrior (D:10)
  Nergalle (D:10)
  A komodo dragon (D:10)
  3 polar bears (D:11)
  A troll (D:10)
  Grinder (D:6)
  Sigmund (D:4)
  4 yaks
  2 shadows (D:11)
  A wyvern (D:10)
  2 wraiths
  A steam dragon (D:10)
  An acid dragon (D:10)
  3 water moccasins
  3 orc warriors
  4 ice beasts
  A sky beast (D:7)
  A black bear (D:8)
  An ogre (D:5)
  3 centaurs
  A wolf (D:11)
  2 phantoms
  2 kobold brigands
  4 bullfrogs
  2 scorpions
  3 wights (D:8)
  20 killer bees
  5 howler monkeys
  3 electric eels (D:6)
  4 gnoll boudas
  4 orc priests
  2 hounds (D:5)
  A human zombie (Ossuary)
  5 jellies
  A sleepcap (D:4)
  10 orc wizards
  6 iguanas
  2 hound zombies (Ossuary)
  5 mummies
  19 gnolls
  8 river rats
  11 adders
  4 white imps
  2 ufetubi (D:5)
  2 dart slugs
  20 orcs
  4 bats
  10 endoplasms
  2 giant cockroaches
  A gnoll zombie (Ossuary)
  2 goblins
  8 hobgoblins
  4 jackals (D:1)
  4 quokkas
  21 ball pythons
  7 frilled lizards
  A goblin zombie (Ossuary)
  2 hobgoblin zombies (Ossuary)
  A jackal zombie (Ossuary)
  8 kobolds
  An orc zombie (Ossuary)
  30 rats
  3 rat zombies (Ossuary)
294 creatures vanquished.

Vanquished Creatures (collateral kills)
  A centaur warrior (D:10)
  2 foxfires
3 creatures vanquished.

Vanquished Creatures (others)
  A dancing weapon (D:5)
  694 foxfires
695 creatures vanquished.

Grand Total: 992 creatures vanquished

Notes
Turn   | Place    | Note
-------+----------+-------------------------------------------
     0 | D:1      | strifetoe the Djinni Fire Elementalist began the quest for
                  | the Orb.
     0 | D:1      | strifetoe set off with the following spells memorised:
                  | Foxfire, Scorch, Volatile Blastmotes, Inner Flame, Flame
                  | Wave.
     0 | D:1      | Reached XP level 1. HP: 15/15 MP: 0/0
   160 | D:1      | Reached XP level 2. HP: 12/21 MP: 0/0
   579 | D:1      | Reached XP level 3. HP: 7/25 MP: 0/0
   579 | D:1      | Learned a level 1 spell: Freeze
  1820 | D:3      | Reached XP level 4. HP: 12/31 MP: 0/0
  1926 | D:3      | Found a faded altar of an unknown god.
  1993 | D:3      | Reached XP level 5. HP: 24/35 MP: 0/0
  1993 | D:3      | Learned a level 2 spell: Poisonous Vapours
  2049 | D:3      | Found Jizarist's General Store.
  2114 | D:3      | Found a glowing drain.
  2155 | Sewer    | Entered a sewer
  2195 | Sewer    | Reached skill level 1 in Fighting
  2407 | Sewer    | Reached XP level 6. HP: 42/45 MP: 0/0
  2644 | Sewer    | Reached XP level 7. HP: 21/50 MP: 0/0
  2644 | Sewer    | Learned a level 3 spell: Tukima's Dance
  3174 | D:3      | Identified the +9 plate armour of Dogma {Dex+3}
  3703 | D:4      | Found Xenwes Nyle's Book Boutique.
  3742 | D:5      | Entered Level 5 of the Dungeon
  3835 | D:5      | Reached skill level 5 in Spellcasting
  4184 | D:6      | Found the +6 Majin-Bo {spellvamp, MP+6 Int+6}
  4185 | D:6      | Found a staircase to the Ecumenical Temple.
  4196 | Temple   | Entered the Ecumenical Temple
  4203 | Temple   | Became a worshipper of Ru the Awakened
  4387 | D:4      | Reached XP level 8. HP: 56/56 MP: 0/0
  4491 | D:4      | Found Wabom's General Store.
  4655 | D:4      | Found a broken altar of Ashenzari.
  4723 | D:4      | Found Dosadan's General Store.
  4731 | D:4      | Bought a potion of curing for 36 gold pieces
  5294 | D:4      | Found Cacwunape's Distillery.
  5297 | D:4      | Bought a potion of heal wounds for 65 gold pieces
  5396 | D:4      | Noticed Sigmund
  5402 | D:4      | Killed Sigmund
  5413 | D:4      | Gained mutation: You are somewhat inexperienced. (-1 XL)
                  | [Ru sacrifice]
  5413 | D:4      | Reached XP level 7. HP: 50/50 MP: 0/0
  5413 | D:4      | Reached * piety under Ru
  5413 | D:4      | Reached ** piety under Ru
  6032 | D:5      | Reached XP level 8. HP: 58/58 MP: 0/0
  6676 | D:6      | Noticed Grinder
  6680 | D:6      | Paralysed by Grinder for 5 turns
  6686 | D:6      | Killed Grinder
  6687 | D:6      | Reached skill level 5 in Fighting
  6687 | D:6      | Reached skill level 5 in Dodging
  6903 | D:6      | Found a hazy altar of Hepliaklqana.
  7016 | D:6      | Found a shimmering altar of Xom.
  7016 | D:6      | Found a snail-covered altar of Cheibriados.
  7021 | D:6      | Found a blossoming altar of Fedhas.
  7028 | D:6      | Found a sparkling altar of Nemelex Xobeh.
  7066 | D:6      | Found an iron altar of Okawaru.
  7069 | D:6      | Found an ornate altar of the Wu Jian Council.
  7073 | D:6      | Found a burning altar of Makhleb.
  8383 | D:7      | Reached XP level 9. HP: 67/67 MP: 0/0
  8383 | D:7      | Learned a level 3 spell: Vampiric Draining
  8835 | D:8      | Found a sand-covered staircase.
  8841 | Ossuary  | Entered an ossuary
  9999 | D:9      | Gained mutation: You are missing a hand. [Ru sacrifice]
  9999 | D:9      | Reached *** piety under Ru
  9999 | D:9      | Reached **** piety under Ru
 10074 | D:9      | Found a staircase to the Orcish Mines.
 10267 | D:9      | Noticed a centaur warrior
 10281 | D:9      | Noticed a kobold demonologist
 10283 | D:9      | Noticed a cyclops
 10626 | D:10     | Entered Level 10 of the Dungeon
 10793 | D:10     | Reached XP level 10. HP: 78/78 MP: 0/0
 10867 | D:10     | Noticed Nergalle
 10879 | D:10     | Killed Nergalle
 10880 | D:10     | Reached skill level 10 in Dodging
 10966 | D:10     | Found a staircase to the Lair.
 11218 | D:10     | Identified the +5 halberd of Latoidgh {elec, rF+ Will+
                  | Int-4}
 11241 | D:10     | Reached skill level 10 in Fighting
 11661 | D:11     | Reached skill level 1 in Armour
 11667 | D:11     | Found Hoan's Magic Scroll Shoppe.
 11718 | D:11     | Found a frozen archway.
 11719 | D:11     | Noticed an ice dragon
 11806 | D:10     | Noticed a tengu warrior
 11821 | D:10     | Killed a tengu warrior
 11849 | D:10     | Noticed a centaur warrior
 12032 | D:11     | Noticed a boulder beetle
 12086 | D:11     | Killed a boulder beetle
 12197 | D:11     | Identified the +0 long sword of the Thirteen Knaves
                  | {freeze, rC+}
 12451 | D:10     | Noticed a manticore
 12451 | D:10     | Killed a centaur warrior
 12532 | D:12     | Noticed a green ugly thing
 12565 | D:10     | Mangled by an unseen horror simulacrum

Illustrated notes

Levels and vault maps discovered:
D:1:      dpeg_arrival_water_temple_mockup, layout_loops_ring, st_stairs_10
D:2:      layout_loops_ring, minmay_cut_off
D:3:      layout_basic, serial_shops, nicolae_shop_tiny_statue_garden,
          ebering_ecumenical_altar_webs, lightli_sewer_entry_pipes,
          small_statue_intersection, minmay_misc_feat_ornament,
          chequers_serial_rivers_micro_d
D:4:      layout_gridville, nicolae_ashenzari_panopticon, serial_shops, shop,
          nicolae_shop_tiny_glass, nicolae_shop_advertising_works
          [nicolae_subvault_shop_adworks], nicolae_shop_behind_doors,
          saegor_snake_ambush, uniq_sigmund
D:5:      layout_layer_cave, nicolae_titane
D:6:      layout_basic, nicolae_overflow_hallway_of_the_gods,
          minmay_temple_entry_waves, serial_bayou, serial_bayou_pond_d,
          serial_bayou_lagoon_a, serial_bayou_shore_a, serial_bayou_pond_a,
          serial_bayou_crossing, serial_bayou_pond_a, uniq_grinder
D:7:      layout_layer_cave
D:8:      layout_basic, gup_ossuary_entry_pyramid, ebering_ghost_inner_flame
D:9:      minmay_chambers_of_sevens, layout_basic, orc_0_dummy, serial_glass,
          glass_columns_c, glass_columns_a, glass_columns_a, glass_columns_a,
          glass_columns_a, glass_columns_a, glass_columns_a, glass_columns_c,
          glass_columns_b, glass_columns_c, glass_columns_b, glass_columns_a,
          glass_columns_c, glass_columns_a, item_on_display_a,
          item_on_display_b, item_on_display_a, hangedman_decor_push
D:10:     cheibrodos_elevator_heist, layout_irregular_city, david_lair_shrubbed,
          uniq_nergalle
D:11:     layout_rooms, portal_ice_cave_entry_animals_and_master, serial_shops,
          shop, dreamdust_deal_with_the_devil, minmay_misc_feat_nine_boxes
D:12:     layout_loops_ring
Temple:   nicolae_temple_x_marks_the_god

Skill      XL: |  1  2  3  4  5  6  7  8  9 10 |
---------------+-------------------------------+-----
Stealth        | 2 |  2.0
Spellcasting   | 3 4 6 7 8 |  8.6
Fighting       | 2 3 4 6 9 10 | 10.0
Dodging        | 3 7 9 10 | 10.4
Armour         | 4 |  4.7

Action                     |  1- 3 |  4- 6 |  7- 9 | 10-12 || total
---------------------------+-------+-------+-------+-------++-------
  Melee: Unarmed           |     2 |       |       |       ||     2
         Dagger            |    15 |    15 |    18 |       ||    48
         Punch             |       |       |     1 |       ||     1
         Bo                |       |       |     8 |    12 ||    20
   Cast: Foxfire           |    36 |   101 |   277 |    25 ||   439
         Scorch            |    15 |    11 |   108 |    30 ||   164
         Tukima's Dance    |       |       |     3 |     6 ||     9
         Inner Flame       |       |       |     7 |       ||     7
         Volatile Blastmot |       |       |     2 |       ||     2
         Flame Wave        |       |       |    34 |    29 ||    63
         Freeze            |       |       |     2 |       ||     2
         Vampiric Draining |       |       |     1 |     1 ||     2
         Poisonous Vapours |       |       |       |     1 ||     1
 Invoke: Sacrifice Experie |       |       |     1 |       ||     1
         Sacrifice a Hand  |       |       |     1 |       ||     1
  Evoke: Wand              |       |       |     3 |     8 ||    11
    Use: Scroll            |     1 |     4 |    25 |     4 ||    34
         Potion            |       |       |     4 |     2 ||     6
   Stab: Sleeping          |     2 |       |       |       ||     2
 Armour: Robe              |     6 |     3 |     5 |       ||    14
         Leather armour    |       |       |    25 |       ||    25
         Troll leather arm |       |       |     3 |    17 ||    20
  Dodge: Dodged            |    26 |    30 |   184 |    69 ||   309
